 Dungeon Crawl Stone Soup version 0.30-a0-847-g17996783a1 (webtiles) character file.

Game seed: 6602060001415525221

86804 jasper the Severer (level 15, -3/119 HPs)
             Began as a Demonspawn Fighter on Mar 3, 2023.
             Was the Champion of Kikubaaqudgha.
             Shot with an arrow by Nessos (16 damage)
             ... on level 13 of the Dungeon.
             The game lasted 00:56:35 (24397 turns).

jasper the Severer (Demonspawn Fighter)            Turns: 24397, Time: 00:56:36

Health: -3/119     AC: 19    Str: 15    XL:     15   Next: 41%
Magic:  14/18      EV:  9    Int: 14    God:    Kikubaaqudgha [******]
Gold:   352        SH: 11    Dex: 13    Spells: 5/18 levels left

rFire   + + +      SeeInvis .    k - +4 broad axe (vamp)
rCold   + . .      Faith    .    c - +0 buckler
rNeg    . . .      Spirit   .    I - +2 scale mail {rF+}
rPois   +          Reflect  .    r - +1 helmet {rF+}
rElec   .          Rampage  .    x - scarf {rC+ rF+}
rCorr   .                        B - +0 pair of gloves
Will    +....                    (no boots) Stlth
                                 u - amulet of regeneration
HPRegen 1.19/turn                O - ring "Uraaclae" {rPois rF++ AC+4 Str-4 Slay+3}
MPRegen 0.16/turn                t - ring of wizardry

@: about to teleport
A: large bone plates 2, foul stench 3, powered by death 2, weakness stinger 1
a: Renounce Religion, Unearth Wretches, Torment, Brand Weapon With Pain, Receive
Forbidden Knowledge


You were on level 13 of the Dungeon.
You worshipped Kikubaaqudgha.
Kikubaaqudgha was exalted by your worship.
You visited 4 branches of the dungeon, and saw 21 of its levels.

You collected 2296 gold pieces.
You spent 1944 gold pieces at shops.

Inventory:

Hand Weapons
 a - a +0 war axe of protection
 k - a +4 vampiric broad axe (weapon)
 W - the +8 whip "Snakebite" {venom, curare, rPois}
   (You found it on level 1 of the Lair of Beasts)

   rPois:     It protects you from poison.
Missiles
 g - 45 poisoned darts (quivered)
 h - 4 silver boomerangs
 n - 6 datura-tipped darts
 H - 8 curare-tipped darts
 U - 3 throwing nets
Armour
 b - a +0 scale mail
 c - a +0 buckler (worn)
 p - a +0 chain mail
 r - a +1 helmet of fire resistance (worn)
 v - an orb of light
 x - a scarf of resistance (worn)
 B - a +0 pair of gloves (worn)
 I - a +2 scale mail of fire resistance (worn)
 P - a +0 chain mail
Jewellery
 e - a ring of fire
 f - a ring of see invisible
 o - a ring of flight
 t - a ring of wizardry (right hand)
 u - an amulet of regeneration (around neck)
 F - an amulet of the acrobat
 O - the ring "Uraaclae" (left hand) {rPois rF++ AC+4 Str-4 Slay+3}
   (You bought it in a shop on level 2 of the Orcish Mines)

   [ring of protection]

   AC:        It affects your AC (+4).
   Str:       It affects your strength (-4).
   Slay:      It affects your accuracy & damage with ranged weapons and melee
   (+3).
   rF:        It greatly protects you from fire.
   rPois:     It protects you from poison.
 S - an amulet of faith
 Z - an amulet of guardian spirit
Wands
 i - a wand of paralysis (18)
 m - a wand of roots (20)
 s - a wand of flame (24)
 A - a wand of mindburst (8)
 E - a wand of digging (7)
 Q - a wand of quicksilver (4)
Scrolls
 q - 2 scrolls of magic mapping
 y - 8 scrolls of teleportation
 D - a scroll of noise
 G - 4 scrolls of fog
 J - 4 scrolls of vulnerability
 M - 9 scrolls of identify
 V - 3 scrolls of poison
Potions
 d - a potion of resistance
 j - 3 potions of lignification
 l - 3 potions of curing
 w - 2 potions of haste
 z - 2 potions of mutation
 C - a potion of heal wounds
 K - a potion of magic
 L - 2 potions of cancellation
 R - 5 potions of ambrosia
 T - 2 potions of flight
 X - a potion of brilliance
Miscellaneous
 N - a condenser vane (inert)
 Y - a phantom mirror


   Skills:
 + Level 11.4 Fighting
 - Level 16.0 Axes
 + Level 11.0 Armour
 - Level 4.0 Shields
 - Level 2.0 Spellcasting
 - Level 12.2 Necromancy
 - Level 7.2 Translocations
 - Level 4.0 Earth Magic


You had 5 spell levels left.
You knew the following spells:

 Your Spells              Type           Power      Damage    Failure   Level
a - Blink                 Tloc           42%        N/A       2%          2
b - Lesser Beckoning      Tloc           42%        N/A       2%          2
c - Dispel Undead         Necr           35%        3d15      2%          4
d - Borgnjor's Vile Clut  Necr/Erth      12%        N/A       32%         5

Your spell library contained the following spells:

 Spells                   Type           Power      Damage    Failure   Level
 Necrotise                Necr           100%       1d9       1%          1
 Sublimation of Blood     Necr           35%        N/A       1%          2
 Kiss of Death            Conj/Necr      72%        2d10      3%          1
 Gell's Gravitas          Tloc           21%        N/A       6%          3
 Teleport Other           Tloc           21%        N/A       6%          3
 Agony                    Necr           35%        N/A       6%          5
 Cigotuvi's Dreadful Rot  Necr/Pois/Air  24%        N/A       11%         2
 Momentum Strike          Conj/Tloc      22%        3d8       12%         2
 Foxfire                  Conj/Fire      4%         2x1d4     32%         1
 Sting                    Tmut/Pois      4%         1d3       32%         1
 Kindle Blastsparks       Fire/Tloc/Air  16%        2d11      36%         3
 Stone Arrow              Conj/Erth      14%        3d7       41%         3
 Poisonous Vapours        Pois/Air       2%         N/A       45%         2
 Mephitic Cloud           Conj/Pois/Air  1%         N/A       69%         3
 Spider Form              Tmut/Pois      1%         N/A       69%         3
 Animate Armour           Summ/Erth      14%        N/A       80%         4
 Summon Forest            Summ/Tloc      5%         N/A       89%         5
 Olgreb's Toxic Radiance  Pois           1%         N/A       96%         4
 Blade Hands              Tmut           0%         N/A       100%        5
 Irradiate                Conj/Tmut      0%         3d11      100%        5
 Iskenderun's Battlesphe  Conj           1%         2d6       100%        5
 Summon Mana Viper        Hex/Summ       1%         N/A       100%        5
 Death Channel            Necr           17%        N/A       32%         6
 Dispersal                Tloc           10%        N/A       93%         6
 Simulacrum               Ice/Necr       9%         N/A       98%         6
 Iron Shot                Conj/Erth      3%         9d2       100%        6
 Summon Cactus Giant      Summ           0%         N/A       100%        6
 Dragon Form              Tmut           0%         N/A       100%        7
 Spellforged Servitor     Conj/Summ      0%         N/A       100%        7
 Ignition                 Fire           0%         3d3       100%        8
 Lehudib's Crystal Spear  Conj/Erth      3%         10d3      100%        8


Dungeon Overview and Level Annotations

Branches:
Dungeon (13/15)            Temple (1/1) D:6            Lair (5/5) D:9
 Shoals (0/4) Lair:3       Spider (0/4) Lair:2        Slime (0/5) Lair:5
    Orc (2/2) D:10            Elf (0/3) Orc:2
 Vaults: D:13-14

Altars:
Ashenzari
Cheibriados
Dithmenos
Fedhas
Gozag
Hepliaklqana
Kikubaaqudgha
Makhleb
Nemelex Xobeh
Okawaru
Qazlal
Ru
Sif Muna
Trog
Uskayaw
Vehumet
Wu Jian
Xom
Yredelemnul
Jiyva
Lugonu

Shops:
D:4 *   D:7 *   D:8 *   D:10 (   Orc:1 *(   Orc:2 ([=*

Portals:
Abyss: Lair:5

Annotations:
D:6 3 runed translucent doors, Nacht's ghost, amateur DsEE
D:13 Nessos
Lair:5 exclusion: oklob plant
Orc:2 2 transporters, ryw's ghost, journeyman DsMo


Innate Abilities, Weirdness & Mutations

You are mostly covered in large bone plates. (SH +6)
You frequently emit foul miasma when damaged in melee.
You regenerate health from kills.
You have a small tail.


Message History

You see here a wand of paralysis (7).
You take 7 damage, and have 50/119 hp.
The zombie hands constrict Nessos.
Nessos shoots an arrow.
You block the arrow.
Nessos casts a spell.
Nessos struggles to blink free from constriction.
Nessos shoots an arrow.
The arrow hits you! The arrow burns you.
You take 14 damage, and have 36/119 hp.
Okay, then.
As you read the scroll of teleportation, it crumbles to dust.
You feel strangely unstable.
The zombie hands constrict Nessos!
The zombie hands release their grip on Nessos.
The +4 long sword completely misses you.
Nessos shoots an arrow.
You block the arrow. You block the +4 long sword's attack.
You regained 2 hp, and now have 38/119 hp.
Nessos shoots an arrow.
The arrow hits you.
Nessos shoots an arrow.
You block the arrow.
You take 2 damage, and have 36/119 hp.
The +4 long sword attacks as you move away!
You block the +4 long sword's attack.
Nessos shoots an arrow.
The arrow hits you.
* * * LOW HITPOINT WARNING * * *
Nessos gestures wildly while chanting.
Nessos blinks!
The +4 long sword hits you but does no damage.
You take 5 damage, and have 31/119 hp.
You miss the +4 long sword.
You tail-slap the +4 long sword, but do no damage.
The +4 long sword is lightly damaged.
The +4 long sword hits you!
* * * LOW HITPOINT WARNING * * *
You emit a cloud of foul miasma!
Nessos shoots an arrow.
The arrow hits you!
* * * LOW HITPOINT WARNING * * *
The arrow burns you.
You are lethally poisoned!
* * * LOW HITPOINT WARNING * * *
You take 26 damage, and have 5/119 hp.
MASSIVE DAMAGE!!
You feel better.
Nessos shoots an arrow.
The arrow hits you!
You die...
Kikubaaqudgha rasps: "You have failed me!
Welcome... death!"

#.........# #.......?.#
#.........# ##.......##
####.........# #
###......(.....# .#
##..........c...##..#
#.../.(@............#
........)............###.#
.....##......ยง......##
#.# .(..................#
#.# .....#..............#
#.# .... #...##.........#
#.# . . ....###.........#
#.# .#.## #.........# #<#
#.##.###### #.#


You could see Nessos (fast) and a +4 long sword.

Vanquished Creatures
  An orc warlord (Orc:2)
  Snorg (Lair:3)
  An ogre mage (Orc:2)
  A catoblepas (Lair:5)
  4 hydras
  4 two-headed ogres
  A centaur warrior (D:10)
  A boulder beetle (D:11)
  A tengu warrior (D:13)
  15 death yaks
  3 thrashing horrors (Lair:5)
  2 orc high priests (Orc:2)
  A skyshark (Lair:4)
  Pikel (D:6)
  A lindwurm (Lair:5)
  3 orc knights
  6 ugly things
  2 wolf spiders
  4 cyclopes
  A manticore (D:10)
  14 elephants
  3 orc sorcerers (Orc:2)
  2 black mambas
  A guardian serpent (shapeshifter) (Lair:5)
  2 merfolk sirens (Lair:3)
  3 smoke demons (Lair:5)
  A cane toad (shapeshifter) (D:13)
  16 cane toads
  A gargoyle (D:13)
  A rime drake (Lair:2)
  2 ancient zymes (Lair:5)
  6 komodo dragons
  5 trolls
  4 polar bears
  A hornet (shapeshifter) (Lair:5)
  29 blink frogs
  2 hornets
  Prince Ribbit (D:6)
  15 slime creatures
  3 shadows
  38 yaks
  Eustachio (D:6)
  6 basilisks
  4 wyverns
  6 steam dragons
  4 wargs
  A chaos spawn (Lair:5)
  2 acid dragons
  16 water moccasins
  A meliai simulacrum (D:12)
  35 orc warriors
  A sky beast (D:8)
  4 black bears
  3 ice beasts
  10 ogres
  The ghost of Demosthentine the Ducker, an amateur DsGl (D:4)
  10 wolves
  A centaur (D:8)
  7 kobold brigands
  2 lemures (D:6)
  9 bullfrogs
  3 gnoll sergeants (D:10)
  6 scorpions
  10 small abominations (Lair:5)
  5 wights (D:8)
  4 killer bees (D:9)
  6 howler monkeys
  An electric eel (Lair:3)
  A jelly (D:6)
  9 orc priests
  4 hounds
  4 sleepcaps
  2 iguanas
  12 orc wizards
  12 adders
  7 gnolls
  A white imp (D:6)
  An ufetubus (D:5)
  A worm (D:2)
  2 dart slugs (D:5)
  51 orcs
  10 endoplasms
  5 giant cockroaches
  9 goblins
  9 hobgoblins
  4 jackals (D:2)
  A quokka (D:1)
  7 ball pythons
  3 bats
  3 frilled lizards (D:1)
  31 kobolds
  6 rats
558 creatures vanquished.

Vanquished Creatures (others)
  An orc high priest (Orc:2)
  An orc knight (Orc:2)
  An orc (D:8)
  42 fungi
  27 plants
72 creatures vanquished.

Grand Total: 630 creatures vanquished

Notes
Turn   | Place    | Note
-------+----------+-------------------------------------------
     0 | D:1      | jasper the Demonspawn Fighter began the quest for the Orb.
     0 | D:1      | Reached XP level 1. HP: 18/18 MP: 1/1
    87 | D:1      | Reached skill level 2 in Axes
   129 | D:1      | Gained mutation: You have a small tail. [demonic ancestry]
   129 | D:1      | Reached XP level 2. HP: 19/24 MP: 2/2
   834 | D:2      | Gained mutation: You are partially covered in large bone
                  | plates. (SH +4) [demonic ancestry]
   834 | D:2      | Reached XP level 3. HP: 28/29 MP: 3/3
  1231 | D:2      | Gained mutation: You may rarely emit foul miasma when
                  | damaged in melee. [demonic ancestry]
  1231 | D:2      | Reached XP level 4. HP: 35/35 MP: 4/4
  1636 | D:2      | Got the Lectures on Black Magic and Illusion
  1956 | D:2      | Reached skill level 3 in Axes
  2278 | D:3      | Identified the +1 ring mail "Nuluy" {Rampage rPois Int-4}
  3265 | D:4      | Noticed a scorpion
  3269 | D:4      | Killed a scorpion
  3270 | D:4      | Gained mutation: You regenerate a little health from kills.
                  | [demonic ancestry]
  3270 | D:4      | Reached XP level 5. HP: 42/42 MP: 5/5
  3292 | D:4      | Noticed an ogre
  3493 | D:4      | Found Bapomy's Fire Supplies.
  3505 | D:4      | Reached XP level 6. HP: 47/48 MP: 6/6
  3510 | D:4      | Bought a +0 helmet of fire resistance for 149 gold pieces
  3510 | D:4      | Bought a wand of flame (2) for 18 gold pieces
  3569 | D:5      | Entered Level 5 of the Dungeon
  3603 | D:5      | Noticed a water moccasin
  3785 | D:5      | Killed a water moccasin
  3786 | D:5      | Reached skill level 4 in Axes
  3920 | D:5      | Gained mutation: You sometimes emit foul miasma when
                  | damaged in melee. [demonic ancestry]
  3920 | D:5      | Reached XP level 7. HP: 51/55 MP: 7/7
  4008 | D:5      | Reached skill level 5 in Axes
  4023 | D:5      | Reached skill level 5 in Fighting
  4299 | D:5      | Gained mutation: You frequently emit foul miasma when
                  | damaged in melee. [demonic ancestry]
  4299 | D:5      | Reached XP level 8. HP: 61/62 MP: 8/8
  4449 | D:6      | Reached skill level 6 in Axes
  4463 | D:6      | Reached skill level 5 in Armour
  4581 | D:6      | Found a staircase to the Ecumenical Temple.
  4608 | D:6      | Noticed Eustachio
  4628 | D:6      | Killed Eustachio
  4644 | Temple   | Entered the Ecumenical Temple
  4823 | Temple   | Became a worshipper of Kikubaaqudgha
  4841 | D:6      | Learned a level 2 spell: Blink
  4843 | D:6      | Noticed Prince Ribbit
  4855 | D:6      | Killed Prince Ribbit
  4856 | D:6      | Reached skill level 7 in Axes
  4856 | D:6      | Reached skill level 1 in Necromancy
  5104 | D:6      | Noticed Pikel
  5122 | D:6      | Killed Pikel
  5123 | D:6      | Gained mutation: You regenerate health from kills. [demonic
                  | ancestry]
  5123 | D:6      | Reached XP level 9. HP: 65/71 MP: 9/9
  5534 | D:6      | Found a runed translucent gate.
  5534 | D:6      | Found a runed translucent gate.
  5536 | D:6      | Found a runed translucent gate.
  5536 | D:6      | Noticed Nacht's ghost (amateur DsEE)
  5884 | D:7      | Paralysed by a hornet for 1 turns
  5885 | D:7      | Reached skill level 8 in Axes
  6054 | D:7      | Found a shadowy altar of Dithmenos.
  6057 | D:7      | Found a bloodstained altar of Trog.
  6176 | D:4      | Bought a +2 scale mail of fire resistance for 273 gold
                  | pieces
  6302 | D:4      | Noticed Demosthentine's ghost (amateur DsGl)
  6303 | D:4      | Found a runed translucent gate.
  6303 | D:4      | Found a runed translucent gate.
  6303 | D:4      | Found a runed translucent gate.
  6654 | D:4      | Reached * piety under Kikubaaqudgha
  6654 | D:4      | Received a gift from Kikubaaqudgha
  6846 | D:4      | Killed Demosthentine's ghost
  6948 | D:7      | Found a shimmering blue altar of Sif Muna.
  6952 | D:7      | Found a stormy altar of Qazlal.
  6953 | D:7      | Found a hazy altar of Hepliaklqana.
  7549 | D:7      | Found Xiekaqulini's Overcharged Wands.
  7660 | D:8      | Found a hide-covered altar of Uskayaw.
  7767 | D:8      | Reached XP level 10. HP: 68/79 MP: 10/10
  7913 | D:8      | Reached skill level 9 in Axes
  7964 | D:8      | Reached skill level 1 in Translocations
  8093 | D:8      | Found Licher's General Store.
  8101 | D:8      | Bought 3 curare-tipped darts for 54 gold pieces
  8449 | D:9      | Found an iron altar of Okawaru.
  8665 | D:9      | Found a staircase to the Lair.
  8926 | D:9      | Found a shimmering altar of Xom.
  8926 | D:9      | Found a radiant altar of Vehumet.
  9013 | D:9      | Reached ** piety under Kikubaaqudgha
  9711 | D:10     | Entered Level 10 of the Dungeon
  9928 | D:10     | Reached skill level 10 in Axes
 10028 | D:10     | Found Ruduawim's Weapon Emporium.
 10138 | D:10     | Noticed a two-headed ogre
 10175 | D:10     | Killed a two-headed ogre
 10245 | D:10     | Found a staircase to the Orcish Mines.
 10306 | D:10     | Reached XP level 11. HP: 58/86 MP: 11/11
 10330 | D:10     | Reached skill level 5 in Translocations
 10474 | D:10     | Found a sacrificial altar of Ru.
 10664 | D:10     | Noticed a wolf spider
 10671 | D:10     | Killed a wolf spider
 10916 | D:10     | Noticed a centaur warrior
 10953 | D:10     | Killed a centaur warrior
 11175 | D:10     | Learned a level 2 spell: Lesser Beckoning
 11180 | D:10     | Learned a level 4 spell: Dispel Undead
 11490 | D:11     | Noticed a brown ugly thing
 12188 | D:11     | Noticed a boulder beetle
 12203 | D:11     | Killed a brown ugly thing
 12204 | D:11     | Reached skill level 5 in Necromancy
 12210 | D:11     | Killed a boulder beetle
 12221 | D:11     | Reached *** piety under Kikubaaqudgha
 12221 | D:11     | Received a gift from Kikubaaqudgha
 12259 | D:11     | Noticed a two-headed ogre
 12310 | D:11     | Killed a two-headed ogre
 12311 | D:11     | Reached skill level 1 in Spellcasting
 12489 | D:11     | Learned a level 5 spell: Borgnjor's Vile Clutch
 12548 | D:11     | Noticed a two-headed ogre
 12568 | D:11     | Killed a two-headed ogre
 12569 | D:11     | Reached skill level 1 in Earth Magic
 12924 | D:11     | Reached XP level 12. HP: 92/92 MP: 14/14
 13001 | Lair:1   | Entered Level 1 of the Lair of Beasts
 13339 | Lair:1   | Found the +8 whip "Snakebite" {venom, curare, rPois}
 13578 | Lair:1   | Gained mutation: You are mostly covered in large bone
                  | plates. (SH +6) [demonic ancestry]
 13578 | Lair:1   | Reached XP level 13. HP: 84/98 MP: 15/15
 14579 | Lair:2   | Found a hole to the Spider Nest.
 15676 | Lair:2   | Got the Quarto of Inconstant Sparks
 15888 | Lair:3   | Reached **** piety under Kikubaaqudgha
 16347 | Lair:3   | Noticed Snorg
 16367 | Lair:3   | Killed Snorg
 16528 | Lair:3   | Reached skill level 11 in Axes
 17122 | Lair:3   | Found a staircase to the Shoals.
 17937 | Lair:4   | Reached skill level 12 in Axes
 19319 | Lair:5   | Entered Level 5 of the Lair of Beasts
 19390 | Lair:4   | Reached skill level 13 in Axes
 19762 | Orc:1    | Entered Level 1 of the Orcish Mines
 19762 | Orc:1    | Found Luz Jut's Weapon Shoppe.
 19879 | Orc:1    | Reached ***** piety under Kikubaaqudgha
 19908 | Orc:1    | Reached XP level 14. HP: 86/108 MP: 17/17
 20029 | Orc:1    | Found Qaezoadu's Gadget Gallery.
 20179 | Orc:1    | Bought a +0 broad axe for 68 gold pieces
 20189 | Orc:2    | Entered Level 2 of the Orcish Mines
 20294 | Orc:2    | Found a staircase to the Elven Halls.
 20645 | Orc:2    | Found Bini's Jewellery Shoppe.
 20671 | Orc:2    | Bought an amulet of regeneration for 390 gold pieces
 20698 | Orc:2    | Noticed an orc warlord
 20733 | Orc:2    | Killed an orc warlord
 20734 | Orc:2    | Reached skill level 14 in Axes
 20844 | Orc:2    | Found Liumipt's General Store.
 20852 | Orc:2    | Bought a scroll of blinking for 97 gold pieces
 20926 | Orc:2    | Found Wipipt's Antique Armour Boutique.
 20948 | Orc:2    | Found Zuavahis's Antique Weapon Shoppe.
 21265 | Orc:2    | Identified the +3 dire flail of the Pit {pain, rPois rF+
                  | Str+2 Stlth+}
 21266 | Orc:2    | Noticed ryw's ghost (journeyman DsMo)
 21268 | Orc:2    | Found a transporter.
 21268 | Orc:2    | Found a transporter.
 21387 | Orc:2    | Paralysed by an ogre mage for 5 turns
 21521 | Orc:2    | Bought the ring "Uraaclae" {rPois rF++ AC+4 Str-4 Slay+3}
                  | for 895 gold pieces
 21725 | Lair:4   | Reached skill level 15 in Axes
 22288 | Lair:5   | Reached skill level 16 in Axes
 22376 | Lair:5   | Reached ****** piety under Kikubaaqudgha
 22450 | Lair:5   | Reached skill level 10 in Fighting
 22461 | Lair:5   | Found a viscous altar of Jiyva.
 22461 | Lair:5   | Found a staircase to the Slime Pits.
 22847 | Lair:5   | Reached XP level 15. HP: 84/115 MP: 18/18
 22927 | Lair:5   | Reached skill level 10 in Armour
 23198 | Lair:5   | Found a corrupted altar of Lugonu.
 23198 | Lair:5   | Found a one-way gate to the infinite horrors of the Abyss.
 24377 | D:13     | Noticed Nessos
 24396 | D:13     | HP: 5/119 [Nessos/arrow (1)]
 24397 | D:13     | Shot with an arrow by Nessos

Illustrated notes

Levels and vault maps discovered:
D:1:      amcnicky_arrival_underground_garden, layout_basic
D:2:      layout_basic, roderic_lattice_a, skrybe_limestone_x,
          kennysheep_crisscross
D:3:      layout_basic
D:4:      layout_basic, gammafunk_ghost_split, nicolae_shop_fire_sale
          [nicolae_sub_dead_trees]
D:5:      layout_rooms, grunt_ministairs_10
D:6:      layout_loops_ring, minmay_temple_entry_wispy,
          biasface_ghost_orc_armoury, uniq_eustachio, uniq_prince_ribbit1,
          uniq_pikel
D:7:      layout_basic, grunt_temple_overflow_open,
          nicolae_shop_overcharged_wands
D:8:      layout_basic, mainiacjoe_overflow_boulevard, serial_shops, shop
D:9:      layout_basic, okawaru_ov_weapons_minmay, jmf_multi_god_temple,
          lair_entry_dummy
D:10:     layout_layer_cave, lemuel_tele_altar,
          kennysheep_orc_monster_closet_entryway, serial_shops,
          nicolae_take_the_stairs, wad_mini_maze
D:11:     layout_rooms, serial_shops, bzr_firewalk
D:12:     layout_rooms, serial_curves, eino_curves_01, eino_curves_04,
          drop_trap, hangedman_decor_peaks_small
D:13:     layout_rooms, erik_vaults_1, due_unseen_surprise, uniq_nessos
Temple:   nicolae_temple_ecumenical_triangle
Lair:1:   minmay_guarded_unrand_snakebite, layout_regular_city
Lair:2:   layout_layer_cave, spider_nest_entry_rubble, serial_bayou_shore_a
Lair:3:   layout_small_grid, elwin_shoals_entry_rooms, uniq_snorg
Lair:4:   layout_gridlike, grunt_megastairs_3, infiniplex_staircase_pool_2
Lair:5:   hellmonk_lair_end_abyssal_woods, layout_gridlike,
          dpeg_slime_entry_enclosed, grunt_megastairs_4
Orc:1:    layout_caves, serial_shops, shop, nicolae_shop_gadgets
Orc:2:    grunt_orc_gardens, layout_caves, grunt_orc_garden, grunt_orc_garden,
          grunt_orc_garden, grunt_orc_garden, gammafunk_ghost_smash,
          mines4_lemuel

Skill      XL: |  1  2  3  4  5  6  7  8  9 10 11 12 13 14 15 |
---------------+----------------------------------------------+-----
Axes           | 2 3 4 5 7 8 10 13 16 | 16.0
Armour         | 3 4 5 6 8 9 11 | 11.0
Shields        | 3 4 |  4.0
Fighting       | 4 5 6 7 8 9 10 11 | 11.4
Necromancy     | 2 4 11 12 | 12.2
Translocations | 4 7 |  7.2
Spellcasting   | 1 2 |  2.0
Earth Magic    | 2 4 |  4.0

Action                     |  1- 3 |  4- 6 |  7- 9 | 10-12 | 13-15 || total
---------------------------+-------+-------+-------+-------+-------++-------
  Melee: War axe           |    95 |   102 |   301 |   529 |   589 ||  1616
         Tailslap          |     2 |     9 |    44 |   106 |   261 ||   422
         Whip              |       |       |       |       |    33 ||    33
         Broad axe         |       |       |       |       |   655 ||   655
  Throw: Dart              |    23 |    24 |     4 |    82 |    67 ||   200
         Boomerang         |     1 |     6 |       |     5 |       ||    12
         Stone             |       |    12 |     2 |       |       ||    14
   Cast: Lesser Beckoning  |       |       |       |     1 |       ||     1
         Blink             |       |       |       |       |     1 ||     1
         Borgnjor's Vile C |       |       |       |       |     1 ||     1
  Evoke: Wand              |       |     1 |       |    11 |     2 ||    14
         Condenser vane    |       |       |       |     1 |     2 ||     3
    Use: Potion            |     1 |     3 |     4 |     2 |    10 ||    20
         Scroll            |       |     5 |     9 |    12 |    12 ||    38
   Stab: Invisible         |       |       |       |     4 |     1 ||     5
         Confused          |       |       |       |     1 |     4 ||     5
 Armour: Scale mail        |    50 |    11 |    31 |   253 |   578 ||   923
         Chain mail        |       |    19 |   108 |       |       ||   127
         Skin              |       |    18 |    41 |       |    33 ||    92
  Dodge: Dodged            |    44 |    23 |   108 |   237 |   468 ||   880
  Block: Buckler           |    24 |    42 |   153 |   230 |   749 ||  1198

Table legend: (Time is in decaauts)
 A = Elapsed time spent in this place.
 B = Non-inter-level travel time spent in this place.
 C = Inter-level travel time spent in this place.
 D = Time resting spent in this place.
 E = Time spent auto-exploring this place.
 F = Levels seen in this place.
 G = Mean time per level.
                   A        B        C        D        E       F      G
               +--------+--------+--------+--------+--------+-----+--------+
         Total |  24512 |  23114 |   1398 |   2206 |  15420 |  21 | 1167.2 |
       Dungeon |  13965 |  13106 |    859 |   1054 |   9095 |  13 | 1074.2 |
        Temple |    188 |    180 |      8 |      0 |     67 |   1 |  188.0 |
          Lair |   8584 |   8145 |    439 |    679 |   5522 |   5 | 1716.8 |
  Orcish Mines |   1773 |   1682 |     91 |    473 |    736 |   2 |  886.5 |
               +--------+--------+--------+--------+--------+-----+--------+

Top non-repeatable levels by time:
  Lair:4: 2388 daAuts
    D:10: 2384 daAuts
  Lair:5: 1694 daAuts
  Lair:3: 1633 daAuts
  Lair:2: 1586 daAuts
     D:2: 1498 daAuts
     D:9: 1381 daAuts
  Lair:1: 1282 daAuts
     D:6: 1281 daAuts
   Orc:2: 1254 daAuts
     D:4: 1187 daAuts
     D:3: 1037 daAuts
     D:7: 990 daAuts
    D:11: 988 daAuts
     D:8: 844 daAuts
